 Dungeon Crawl Stone Soup version 0.27-a0-1196-g3e9cee4cb2 (webtiles) character file.

Game seed: 14789390416268393798

3 freelancePsychic the Skirmisher (level 1, 0/19 HPs)
             Began as a Palentonga Abyssal Knight on May 29, 2021.
             Was an Initiate of Lugonu.
             Slain by a rat (2 damage)
             ... on level 1 of the Dungeon.
             The game lasted 00:00:48 (671 turns).

freelancePsychic the Skirmisher (PaAK)               Turns: 671, Time: 00:00:49

Health: 0/19       AC:  5    Str: 15    XL:     1   Next: 41%
Magic:  2/2        EV:  8    Int: 12    God:    Lugonu [......]
Gold:   4          SH:  0    Dex:  9    Spells: 0/0 levels left

rFire    . . .     SeeInvis +   a - +1 hand axe
rCold    . . .     Faith    .   (no shield)
rNeg     . . .     Spirit   .   d - +0 ring mail
rPois    .         Reflect  .   (no helmet)
rElec    .         Harm     .   (no cloak)
rCorr    .         Rampage  .   (no gloves)
Will     .....                  (no barding)
Stlth    ..........             (no amulet)
HPRegen  0.06/turn              (no ring)
MPRegen  0.08/turn              (no ring)

@: no status effects
A: large, rugged brown scales 3, see invisible, deformed body, roll 1, armoured
tail
a: Rolling Charge, Renounce Religion


You were on level 1 of the Dungeon.
You worshipped Lugonu.
Lugonu was noncommittal.
You visited 1 branch of the dungeon, and saw 1 of its levels.
You visited the Abyss 1 time.

You collected 4 gold pieces.

Inventory:

Hand Weapons
 a - a +1 hand axe (weapon)
Armour
 b - a +0 leather armour
 d - a +0 ring mail (worn)
Scrolls
 c - a scroll of blinking {unknown}
Potions
 e - a potion of berserk rage {unknown}


   Skills:
 - Level 3.0 Fighting
 * Level 2.2 Axes
 - Level 1.5 Armour
 - Level 0.7 Dodging
 + Level 2.1 Invocations


You couldn't memorise any spells.
You didn't know any spells.
Your spell library was empty.

Dungeon Overview and Level Annotations

Branches:
Dungeon (1/15)

Altars:


Innate Abilities, Weirdness & Mutations

You are completely covered in rugged brown scales. (AC +3, +7% HP)
You have supernaturally acute eyesight. (SInv)
Armour fits poorly on your strangely shaped body.
You can roll at nearby foes to attack.
You have a long armoured tail.


Message History

There is an open door here.
Roll where?
Press: ? - help, Dir - move target, f - goblin
Aim: a goblin, wielding a +4 vampiric dagger You roll forward with a clatter of scales!
You closely miss the goblin. The goblin hits you but does no damage.
You hit the goblin.
The goblin is moderately wounded.
The goblin closely misses you.
You closely miss the goblin.
The goblin is moderately wounded.
The goblin hits you with a +4 vampiric dagger.
The goblin draws strength from your wounds!
You hit the goblin.
Your tail-slap misses the goblin.
The goblin is heavily wounded.
The goblin hits you but does no damage.
You hit the goblin but do no damage.
The goblin is heavily wounded.
The goblin closely misses you.
You closely miss the goblin.
The goblin is heavily wounded.
The goblin closely misses you.
The goblin hits you with a +4 vampiric dagger.
You hit the goblin.
The goblin is severely wounded.
A rat comes into view.
The goblin closely misses you.
You barely miss the goblin.
The goblin is severely wounded.
The goblin hits you with a +4 vampiric dagger.
You barely miss the goblin.
The goblin is severely wounded.
The goblin hits you with a +4 vampiric dagger.
You closely miss the goblin.
The goblin is severely wounded.
You hit the rat.
The goblin hits you with a +4 vampiric dagger.
* * * LOW HITPOINT WARNING * * *
The rat bites you.
You die...

#####.
#.....
#....#
#....#
#.[..#
#....#
#..g.# ..
#..@r##....
#........>#
###'#######
#.# #.# #
#.# # #.# #
#.# # #.# #


You could see a goblin and a rat.

Vanquished Creatures
  A quokka (D:1)
  2 frilled lizards (D:1)
  A rat (D:1)
4 creatures vanquished.

Notes
Turn   | Place    | Note
-------+----------+-------------------------------------------
     0 | Abyss:1  | freelancePsychic the Palentonga Abyssal Knight began the
                  | quest for the Orb.
     0 | Abyss:1  | Reached XP level 1. HP: 19/19 MP: 2/2
   106 | Abyss:1  | Noticed a small abomination
   112 | D:1      | Escaped the Abyss
   671 | D:1      | Slain by a rat

Illustrated notes

Levels and vault maps discovered:
D:1:      saegor_arrival_simple_c, layout_basic, serial_shops,
          nicolae_shop_waterfront, hangedman_decor_points

Action                   || total
-------------------------++-------
Melee: Hand axe          ||    22
Invok: Depart the Abyss  ||     1
 Abil: Rolling Charge    ||     2
Armor: Ring mail         ||     9
Dodge: Dodged            ||     5

Table legend: (Time is in decaauts)
 A = Elapsed time spent in this place.
 B = Non-inter-level travel time spent in this place.
 C = Inter-level travel time spent in this place.
 D = Time resting spent in this place.
 E = Time spent auto-exploring this place.
 F = Levels seen in this place.
 G = Mean time per level.
                   A        B        C        D        E       F      G
               +--------+--------+--------+--------+--------+-----+--------+
         Total |    674 |    674 |      0 |    287 |    330 |   2 |  337.0 |
       Dungeon |    562 |    562 |      0 |    287 |    244 |   1 |  562.0 |
         Abyss |    112 |    112 |      0 |      0 |     86 |   1 |  112.0 |
               +--------+--------+--------+--------+--------+-----+--------+

Top non-repeatable levels by time:
     D:1: 562 daAuts
 Abyss:1: 112 daAuts
